 Dungeon Crawl Stone Soup version 0.21.1-1-g345015fe64 (webtiles) character file.

51 KingHarkinian the Shooter (level 3, -2/31 HPs)
             Began as a Centaur Hunter on Apr 15, 2018.
             Slain by a goblin
             ... wielding a +0 dagger
             ... led by Robin
              (4 damage)
             ... on level 2 of the Dungeon.
             The game lasted 00:06:37 (745 turns).

KingHarkinian the Shooter (Centaur Hunter)           Turns: 745, Time: 00:06:37

Health: -2/31      AC:  7    Str: 13 (14) XL:     3   Next: 57%
Magic:  3/3        EV:  3    Int: 13 (15) God:
Gold:   70         SH:  0    Dex:  7 (10) Spells: 2/2 levels left

rFire    . . .     SeeInvis .   a - +2 shortbow
rCold    . . .     Gourm    .   (shield currently unavailable)
rNeg     . . .     Faith    .   i - +0 chain mail
rPois    .         Spirit   .   (no helmet)
rElec    .         Reflect  .   (no cloak)
rCorr    .         Harm     .   (no gloves)
MR       .....                  (no barding)
Stlth    ..........             (no amulet)
HPRegen  0.10/turn              (no ring)
MPRegen  0.08/turn              (no ring)

@: brilliant, very quick
A: large, hooves 3, deformed body, speed 2, tough skin 3
a: no special abilities


You were on level 2 of the Dungeon.
You were not hungry.

You visited 1 branch of the dungeon, and saw 2 of its levels.

You collected 70 gold pieces.


Innate Abilities, Weirdness & Mutations

You have hooves in place of feet.
Armour fits poorly on your strangely shaped body.
You cover ground very quickly.
You have extremely tough skin. (AC +3)


   Skills:
 + Level 3.0 Fighting
 + Level 6.1 Bows
 - Level 1.5 Dodging
 - Level 0.6 Stealth


You had 2 spell levels left.
You didn't know any spells.

Inventory:

Hand Weapons
 a - a +2 shortbow (weapon)
 b - a +0 short sword
Missiles
 d - 26 arrows (quivered)
 j - 27 stones
Armour
 i - a +0 chain mail (worn)
Scrolls
 k - 2 scrolls of remove curse
Potions
 g - a potion of brilliance
Comestibles
 f - 2 rations
 h - 5 chunks of flesh

Dungeon Overview and Level Annotations

Branches:
Dungeon (2/15)

Altars:
Dithmenos
Kikubaaqudgha

Annotations:
D:2 Robin

#..# ## #.##(.#### #
##. #...g(..(# .#.##
#.< #####..#.##......
###.. #.(((......#
#...... ##...#######
#.###.. ###S# ..... #g#
#. .##.## ##@## #.##.
#. #g.g# #.#.. #. #...#
##.#.###.## #...#
#.....##.##
####...####.#...... #
#...........# #.>.#####
...........## ##..##...
#...........###.#.##.##
#####...####.#.##.##.##


You could see Robin, an adder and 2 goblins.


Message History

The arrow hits Robin but does no damage.
Robin is moderately wounded.
The goblin hits you but does no damage. Robin hits you but does no damage.
The goblin hits you but does no damage.
Unknown command.
Firing (i - inventory. (,) - cycle):
d - 27 arrows (quivered)
Aim: Robin, wielding a mace, wearing a runed animal skin and wearing a helmet (moderately wounded)
You shoot an arrow. The arrow hits Robin!
Robin is severely wounded.
The goblin hits you with a club.
* * * LOW HITPOINT WARNING * * *
The goblin hits you but does no damage. Robin hits you with a mace.
* * * LOW HITPOINT WARNING * * *
It was a potion of brilliance.
You feel clever all of a sudden. The goblin hits you but does no damage.
The goblin hits you but does no damage. Robin hits you with a mace.
* * * LOW HITPOINT WARNING * * *
Okay, then.
It was a potion of degeneration.
There was something very wrong with that liquid.
You feel weakened.
You feel dopey.
You feel clumsy. The goblin hits you with a dagger.
You die...

Action                   || total
-------------------------++-------
Melee: Short sword       ||    10
       Kick              ||     1
 Fire: Shortbow          ||    69
  Use: Scroll            ||     4
       Potion            ||     2
Armor: Chain mail        ||    32
Dodge: Dodged            ||     9

Vault maps used:
D:1:      minmay_arrival_stone_box
D:2:      vehumet_crystals, chequers_temple_overflow_statue_of_worship,
          uniq_robin, uniq_jessica

Notes
Turn   | Place    | Note
-------+----------+-------------------------------------------
     0 | D:1      | KingHarkinian the Centaur Hunter began the quest for the Orb.
     0 | D:1      | Reached XP level 1. HP: 17/17 MP: 1/1
   357 | D:1      | Reached XP level 2. HP: 24/24 MP: 2/2
   635 | D:2      | Found a shadowy altar of Dithmenos.
   635 | D:2      | Found an ancient bone altar of Kikubaaqudgha.
   635 | D:2      | Noticed Jessica
   644 | D:2      | Killed Jessica
   644 | D:2      | Reached skill level 6 in Bows
   644 | D:2      | Reached XP level 3. HP: 27/30 MP: 3/3
   712 | D:2      | Noticed Robin
   733 | D:2      | Reached skill level 3 in Fighting
   744 | D:2      | HP: 2/31 [Robin/mace (4)]
   745 | D:2      | Slain by a goblin

Vanquished Creatures
  Jessica (D:2)
  A ball python (D:1)
  9 goblins
  5 hobgoblins
  2 kobolds (D:1)
  A bat (D:1)
  3 rats
22 creatures vanquished.
